 Dungeon Crawl Stone Soup version 0.18.1-50-g88ac8fd (webtiles) character file.

21 kengeki the Changer (level 2, 0/21 HPs)
             Began as a Merfolk Transmuter on Nov 4, 2016.
             Slain by a hobgoblin
             ... wielding a +0 club
              (3 damage)
             ... on level 1 of the Dungeon.
             The game lasted 00:05:55 (1384 turns).

kengeki the Changer (Merfolk Transmuter)            Turns: 1384, Time: 00:05:56

Health: 0/21       AC:  2    Str: 10    XL:     2   Next: 83%
Magic:  4/5        EV: 13    Int: 12    God:
Gold:   26         SH:  0    Dex: 14    Spells: 1 memorised, 4 levels left

rFire  . . .     SeeInvis .       - Unarmed
rCold  . . .     Gourm    .     b - +0 robe
rNeg   . . .     Faith    .     (no shield)
rPois  .         Spirit   .     (no helmet)
rElec  .         Dismiss  .     (no cloak)
rCorr  .         Reflect  .     (no gloves)
SustAt .         Harm     .     (no boots)
MR     .....                    (no amulet)
Stlth  +.........               (no ring)
                                e - ring of flight

@: appendage, not resistant to hostile enchantments, very unstealthy
A: change form in water, swift swim, horns 2
a: End Transformation, Evoke Flight


You were on level 1 of the Dungeon.
You were hungry.
You had grown temporary horns.
You visited 1 branch of the dungeon, and saw 2 of its levels.

You collected 26 gold pieces.

Inventory:

Missiles
 a - 64 arrows
Armour
 b - a +0 robe (worn)
Jewellery
 e - a ring of flight (left hand)
 h - an uncursed ring of fire
Scrolls
 g - 2 scrolls of identify
Potions
 i - a potion of curing
Books
 c - a book of Changes

   Spells                             Type                      Level
   a - Beastly Appendage              Transmutation                1
   b - Sticks to Snakes               Transmutation                2
   c - Spider Form                    Transmutation/Poison         3
   d - Ice Form                       Ice/Transmutation            4
   e - Blade Hands                    Transmutation                5
Comestibles
 d - a bread ration
 f - a meat ration


   Skills:
 - Level 1.1 Fighting
 - Level 2.6 Dodging
 - Level 3.2 Unarmed Combat
 - Level 2.0 Spellcasting
 + Level 4.3 Transmutations


You had 4 spell levels left.
You knew the following spells:

 Your Spells              Type           Power        Failure   Level  Hunger
a - Beastly Appendage     Trmt           ##....       6%          1    ##.....


Dungeon Overview and Level Annotations

Branches:
Dungeon (2/15)

Altars:


Innate Abilities, Weirdness & Mutations

You revert to your normal form in water.
You are very nimble and swift while swimming.
You have a pair of horns on your head.


Message History

You climb upwards.
There is a stone staircase leading down here.
You closely miss the hobgoblin. The hobgoblin hits you with a club.
You barely miss the hobgoblin. You barely miss the hobgoblin.
The hobgoblin hits you with a club!
You barely miss the hobgoblin.
Your horns disappear.
The hobgoblin closely misses you.
Casting: Beastly Appendage
Confirm with . or Enter, or press ? or * to list all spells.
You grow a pair of large bovine horns.
The hobgoblin hits you but does no damage.
You hit the hobgoblin.
The hobgoblin is almost dead.
The hobgoblin hits you with a club.
* * * LOW HITPOINT WARNING * * *
You closely miss the hobgoblin.
The hobgoblin is almost dead.
The hobgoblin hits you with a club.
You die...

..# #.##.# #.#.# ..# #.##.#
#.#.# ..# #.##.# #.#.#
..############ #.##.# #.#.#
.............# #.##.# #.#.#
..##########.# #.##.######.#.#
### #.# #.##........#.#
############.#####.########..#.#
.......).......g@#.########..#.#
########.####.##.#........#..#.#
#.# #..#.######......#.# #.#
##.#.# ##..#.##.# #.# #...#
#..#....# #.# ##..# #..######
#.# #..# #.....# #.#
####..########.##.# ########.#
#..............##.#


You could see a hobgoblin.

Vanquished Creatures
  A dart slug (D:1)
  A giant cockroach (D:1)
  A hobgoblin (D:1)
  4 jackals (D:1)
  2 ball pythons (D:1)
  5 bats (D:1)
  2 kobolds (D:1)
  2 rats (D:1)
18 creatures vanquished.

Notes
Turn   | Place    | Note
--------------------------------------------------------------
     0 | D:1      | kengeki the Merfolk Transmuter began the quest for the Orb.
     0 | D:1      | Reached XP level 1. HP: 15/15 MP: 3/3
   410 | D:1      | Reached skill level 3 in Transmutations
   717 | D:1      | Reached XP level 2. HP: 15/21 MP: 3/5
   739 | D:1      | Reached skill level 4 in Transmutations
  1384 | D:1      | Slain by a hobgoblin

Skill      XL: |  1  2 |
---------------+-------+-----
Transmutations | 3 4 |  4.3
Fighting       | |  1.1
Dodging        | |  2.6
Unarmed Combat | |  3.2
Spellcasting   | |  2.0

Action                   || total
-------------------------++-------
Melee: Unarmed           ||    62
       Headbutt          ||     8
 Cast: Beastly Appendage ||    16
  Use: Scroll            ||     3
 Stab: Sleeping          ||     1
  Eat: Chunk             ||     1
Armor: Robe              ||    16
Dodge: Dodged            ||    50
